 Dungeon Crawl Stone Soup version 0.24-a0-520-g8fd06ad0bc (webtiles) character file.

Game seed: 816073593181441288

2917 Froggeryz the Cleaver (level 9, -3/123 HPs)
             Began as a Minotaur Berserker on July 24, 2019.
             Was an Elder of Trog.
             Slain by a two-headed ogre
             ... wielding a +0 giant club
              (18 damage)
             ... on level 7 of the Dungeon.
             The game lasted 00:12:27 (6668 turns).

Froggeryz the Cleaver (Minotaur Berserker)          Turns: 6668, Time: 00:12:28

Health: -3/123     AC:  5    Str: 31    XL:     9   Next: 50%
Magic:  8/8        EV: 12    Int:  4    God:    Trog [****..]
Gold:   206        SH:  0    Dex: 12    Spells: 8/8 levels left

rFire    . . .     SeeInvis .   n - +0 war axe (vamp)
rCold    . . .     Gourm    .   (no shield)
rNeg     + . .     Faith    .   q - +2 robe {rN+}
rPois    +         Spirit   .   (helmet restricted)
rElec    .         Reflect  .   t - +0 cloak
rCorr    .         Harm     .   (no gloves)
MR       .....                  (no boots)
Stlth    ..........             (no amulet)
HPRegen  0.30/turn              h - ring of poison resistance
MPRegen  0.11/turn              i - +3 ring of strength

@: berserking, fainting, slowed
A: retaliatory headbutt, horns 2
a: Berserk, Trog's Hand, Brothers in Arms, Renounce Religion


You were on level 7 of the Dungeon.
You worshipped Trog.
Trog was greatly pleased with you.
You were fainting.

You visited 1 branch of the dungeon, and saw 8 of its levels.

You collected 368 gold pieces.
You spent 162 gold pieces at shops.

Inventory:

Hand Weapons
 a - a +1 hand axe
 n - a +0 vampiric war axe (weapon)
Missiles
 y - 8 curare-tipped darts (quivered)
Armour
 q - a +2 robe of positive energy (worn)
 t - a +0 cloak (worn)
Jewellery
 h - a ring of poison resistance (left hand)
 i - a +3 ring of strength (right hand)
 o - an uncursed ring of flight
Wands
 s - a wand of acid (11)
 u - a wand of random effects (12)
 z - a wand of flame (33)
 D - a wand of disintegration (20)
Scrolls
 d - 2 scrolls of immolation
 f - 4 scrolls of remove curse
 g - 3 scrolls of identify
 j - a scroll of fog
 k - a scroll of enchant armour
 r - 6 scrolls of teleportation
 v - 3 scrolls of enchant weapon
Potions
 b - a potion of might
 e - a potion of heal wounds
 l - 2 potions of lignification
 m - a potion of haste
 w - 4 potions of berserk rage
 x - 2 potions of brilliance
 B - a potion of cancellation
Comestibles
 c - 15 rations


   Skills:
 + Level 8.3 Fighting
 * Level 13.7 Axes
 - Level 2.4 Armour
 - Level 2.1 Dodging


You had 8 spell levels left.
You didn't know any spells.
Your spell library was empty.

Dungeon Overview and Level Annotations

Branches:
Dungeon (8/15)             Temple (0/1) D:4
   Lair: D:8-11

Altars:
Dithmenos
Nemelex Xobeh
Trog
Yredelemnul
The Shining One

Shops:
D:6 }=(

Annotations:
D:8 Erica


Innate Abilities, Weirdness & Mutations

You reflexively headbutt those who attack you in melee.
You have a pair of horns on your head.


Message History

You headbutt the two-headed ogre.
The two-headed ogre hits you with a +0 giant spiked club!!
There is a stone staircase leading up here.
Something hits you!
* * * LOW HITPOINT WARNING * * *
Something burns you.
* * * LOW HITPOINT WARNING * * *
The two-headed ogre hits you with a +0 giant club!
* * * LOW HITPOINT WARNING * * *
The two-headed ogre closely misses you.
You climb upwards.
Reactivating autopickup.
There is a stone staircase leading down here.
Unknown command.
A red film seems to cover your vision as you go berserk!
You feel yourself moving faster!
You feel mighty!
You are fainting from starvation!
Something barely misses you.
The two-headed ogre hits you with a +0 giant club!!
You die...

########### ##############
........>.######............#
.########........##########.#
.# ########## #.# .# #.# .#
#.# .# #.# .#### ##########
#.# ....# #......O@# #.#
.##.# #.######.## #.## .##.#
#.# ##...#########..# ###.#
#.# #............##.# #.# #.#
##...#######.##.# ###.## #.#
##.## #.##.# .....####.# ###
#.##.# ..........## #.##>#
...........# #.##.#


You could see a two-headed ogre.

Vanquished Creatures
  The ghost of KapersCrawl the Twirler, a novice HuGl of Cheibriados (D:5)
  The ghost of milododd the Stinger, a novice OpVM (D:5)
  Sigmund (D:2)
  A phantom (D:6)
  7 ogres
  A centaur (D:6)
  A crocodile (D:7)
  A big kobold (D:7)
  4 bullfrogs
  2 howler monkeys (D:5)
  4 hounds
  A centaur skeleton (D:4)
  2 orc wizards
  Crazy Yiuf (D:2)
  Jessica (D:3)
  An iguana (D:6)
  Natasha (thrice) (D:3)
  7 worker ants
  3 hound skeletons
  16 gnolls
  12 adders
  3 oozes
  4 adder skeletons
  2 dart slugs
  4 leopard geckos
  20 orcs
  A ball python (D:3)
  4 bats
  5 giant cockroaches
  5 goblins
  9 hobgoblins
  7 jackals
  6 quokkas
  7 frilled lizards
  18 kobolds
  A leopard gecko skeleton (D:4)
  A leopard gecko zombie (D:6)
  2 quokka skeletons
  5 rats
175 creatures vanquished.

Notes
Turn   | Place    | Note
-------+----------+-------------------------------------------
     0 | D:1      | Froggeryz the Minotaur Berserker began the quest for the
                  | Orb.
     0 | D:1      | Reached XP level 1. HP: 19/19 MP: 0/0
    33 | D:1      | Reached skill level 4 in Axes
   152 | D:1      | Reached XP level 2. HP: 26/26 MP: 1/1
   516 | D:1      | Reached skill level 5 in Axes
   522 | D:1      | Reached XP level 3. HP: 23/31 MP: 2/2
   737 | D:1      | Reached ** piety under Trog
  1177 | D:2      | Noticed Sigmund
  1433 | D:3      | Noticed Jessica
  1452 | D:3      | Killed Jessica
  1452 | D:3      | Reached skill level 6 in Axes
  1452 | D:3      | Reached XP level 4. HP: 17/39 MP: 3/3
  1942 | D:3      | Noticed Natasha
  1949 | D:3      | Killed Natasha
  2089 | D:3      | Noticed Natasha
  2099 | D:3      | Killed Natasha
  2099 | D:3      | Reached skill level 7 in Axes
  2099 | D:3      | Reached XP level 5. HP: 27/45 MP: 4/4
  2155 | D:3      | Noticed Natasha
  2166 | D:3      | Killed Natasha
  2528 | D:2      | Killed Sigmund
  2528 | D:2      | Reached skill level 8 in Axes
  2528 | D:2      | Reached XP level 6. HP: 29/51 MP: 5/5
  2767 | D:2      | Found a runed translucent door.
  2768 | D:2      | Noticed Crazy Yiuf
  2790 | D:2      | Reached *** piety under Trog
  2802 | D:2      | Reached skill level 9 in Axes
  3012 | D:2      | Killed Crazy Yiuf
  3607 | D:4      | Reached XP level 7. HP: 57/57 MP: 6/6
  3639 | D:4      | Reached skill level 10 in Axes
  3824 | D:4      | Found a staircase to the Ecumenical Temple.
  3915 | D:4      | Found a shadowy altar of Dithmenos.
  4046 | D:4      | Reached **** piety under Trog
  4361 | D:4      | Reached skill level 5 in Fighting
  4449 | D:5      | Entered Level 5 of the Dungeon
  4456 | D:5      | Reached XP level 8. HP: 68/68 MP: 7/7
  4483 | D:5      | Reached skill level 11 in Axes
  4581 | D:5      | Found a glowing golden altar of the Shining One.
  4720 | D:5      | Found a runed translucent gate.
  4720 | D:5      | Found a runed translucent gate.
  4720 | D:5      | Found a runed translucent gate.
  4721 | D:5      | Noticed milododd's ghost (novice OpVM)
  4721 | D:5      | Noticed KapersCrawl's ghost (novice HuGl)
  4735 | D:5      | Killed milododd's ghost
  4735 | D:5      | Killed KapersCrawl's ghost
  4735 | D:5      | Reached skill level 12 in Axes
  4964 | D:5      | Found a sparkling altar of Nemelex Xobeh.
  5236 | D:6      | Reached XP level 9. HP: 74/79 MP: 8/8
  5506 | D:6      | Reached skill level 13 in Axes
  5516 | D:6      | Found Wemus's Antique Weapon Emporium.
  5525 | D:6      | Bought a glowing war axe for 162 gold pieces
  5551 | D:6      | Found Voublinee's Jewellery Boutique.
  5564 | D:6      | Found a bloodstained altar of Trog.
  5564 | D:6      | Found a basalt altar of Yredelemnul.
  5654 | D:6      | Found Ligi's Gadget Shop.
  6321 | D:7      | Got a twitching copper ring
  6322 | D:7      | Identified the cursed ring "Wauck" {EV-6 Str+7 Int-3 Dex+3
                  | Stlth+} (You found it on level 7 of the Dungeon)
  6623 | D:8      | Noticed Erica
  6660 | D:8      | Noticed a two-headed ogre
  6668 | D:7      | Slain by a two-headed ogre

Levels and vault maps discovered:
D:1:      dpeg_arrival_tiny_j, layout_basic, serial_bayou_pond_a,
          lemuel_another_geyser
D:2:      layout_basic, nrook_mini_vaults, uniq_crazy_yiuf_cottage, uniq_sigmund
D:3:      layout_basic, first_ration, st_stairs_7, kennysheep_generic_room_14,
          uniq_natasha, uniq_jessica
D:4:      layout_gridville, temple_statues, grunt_dithmenos_smoke_and_mirrors
D:5:      layout_loops_ring, nemelex_xobeh_ov_fountains_minmay,
          nicolae_tso_carved_into_rock, gammafunk_ghost_cemetery
D:6:      layout_rooms, gammafunk_temple_overflow_pools, serial_shops, shop,
          nicolae_shop_trees, shop, minmay_fractal_squares_diagonal_5
D:7:      layout_loops_ring
D:8:      layout_cave_pools, minitemple, old_standard_altar, uniq_erica

Skill      XL: |  1  2  3  4  5  6  7  8  9 |
---------------+----------------------------+-----
Axes           | 4 5 6 7 8 9 10 12 13 | 13.7
Fighting       | 5 7 8 |  8.3
Armour         | |  2.4
Dodging        | |  2.1

Action                   |  1- 3 |  4- 6 |  7- 9 || total
-------------------------+-------+-------+-------++-------
Melee: Hand axe          |    76 |    95 |   151 ||   322
       Headbutt          |    10 |    16 |    62 ||    88
       War axe           |       |       |    77 ||    77
Invok: Berserk           |       |     3 |     3 ||     6
  Use: Potion            |     2 |       |    11 ||    13
       Scroll            |     1 |       |     9 ||    10
 Stab: Sleeping          |       |     2 |     2 ||     4
  Eat: Chunk             |     2 |     8 |    11 ||    21
Armor: Animal skin       |    19 |     7 |       ||    26
       Robe              |       |     9 |    41 ||    50
Dodge: Dodged            |    44 |    50 |   121 ||   215

Table legend:
 A = Non-vault XP
 B = Vault XP
 C = Vault XP percentage of total XP
 D = Non-vault monster count
 E = Vault monster count
 F = Vault count percentage of total count
                 A         B        C        D         E       F
            +---------+---------+-------+---------+---------+-------
      Total |    2846 |    1322 |  31.7 |     158 |      17 |   9.7
            +---------+---------+-------+---------+---------+-------
        D:1 |      63 |       0 |   0.0 |      32 |       0 |   0.0
        D:2 |     117 |     260 |  69.0 |      16 |       2 |  11.1
        D:3 |     158 |      89 |  36.0 |      22 |       5 |  18.5
        D:4 |     727 |       0 |   0.0 |      26 |       0 |   0.0
        D:5 |     456 |     770 |  62.8 |      15 |       2 |  11.8
        D:6 |     691 |     203 |  22.7 |      19 |       8 |  29.6
        D:7 |     590 |       0 |   0.0 |      24 |       0 |   0.0
        D:8 |      44 |       0 |   0.0 |       4 |       0 |   0.0
            +---------+---------+-------+---------+---------+-------
